[Event "FIDE Open World Rapid 2024"]
[Site "New York"]
[Date "2024.12.27"]
[Round "6.43"]
[White "Fressinet, Laurent"]
[Black "Vakhidov, Jakhongir"]
[Result "0-1"]
[ECO "B51"]
[WhiteElo "2588"]
[BlackElo "2546"]
[Annotator "ChessBase"]
[PlyCount "87"]
[EventDate "2024.12.14"]
[EventType "swiss"]
[EventCountry "USA"]
[SourceTitle "playchess.com"]
[Source "ChessBase"]
[SourceQuality "1"]
[TimeControl "900+10"]

1. e4 c5 2. Nf3 d6 3. Bb5+ Nd7 4. a4 Ngf6 5. Nc3 a6 6. Be2 g6 7. O-O Bg7 8. a5 b5 9. axb6 Bb7 10. d3 a5 11. Nd2 Nxb6 12. f4 O-O 13. Bf3 Nfd7 14. Qe1 e6 15. e5 Bxf3 16. Nxf3 dxe5 17. fxe5 Nxe5 18. Nxe5 Qd4+ 19. Kh1 Qxe5 20. Ne4 c4 21. Bf4 Qb5 22. dxc4 Nxc4 23. b3 Nb6 24. Qh4 Qh5 25. Qf2 Nd5 26. Bd6 Bxa1 27. Bxf8 Rxf8 28. Rxa1 Qe5 29. Re1 Qf4 30. Qc5 f5 31. Nd6 Qb4 32. Qxb4 Nxb4 33. c4 Nd3 34. Ra1 Rb8 35. Nb5 Nc5 36. Rxa5 Nxb3 37. Ra6 e5 38. Kg1 e4 39. Ra7 Nd2 40. Nd6 e3 41. Ra1 Rd8 42. c5 Nb3 43. Nb7 Rb8 44. Rb1 0-1

[Event "FIDE Open World Rapid 2024"]
[Site "New York"]
[Date "2024.12.27"]
[Round "6.43"]
[White "Gretarsson, Helgi Ass"]
[Black "Pereira, Fabian"]
[Result "0-1"]
[ECO "E66"]
[WhiteElo "2418"]
[BlackElo "2123"]
[Annotator "ChessBase"]
[PlyCount "92"]
[EventDate "2024.12.14"]
[EventType "swiss"]
[EventCountry "USA"]
[SourceTitle "playchess.com"]
[Source "ChessBase"]
[SourceQuality "1"]
[TimeControl "900+10"]

1. Nf3 Nf6 2. c4 c5 3. g3 g6 4. Bg2 Bg7 5. O-O O-O 6. d4 Nc6 7. d5 Na5 8. Nfd2 d6 9. Nc3 e5 10. a3 b6 11. b4 Nb7 12. e4 Ne8 13. Bb2 f5 14. exf5 gxf5 15. f4 e4 16. g4 Bd4+ 17. Kh1 fxg4 18. Ndxe4 h6 19. Ng3 Ng7 20. Qd2 Bf5 21. Rae1 Qh4 22. Be4 Bd7 23. Bg6 Nf5 24. Bxf5 Bxf5 25. Re6 Bxe6 26. dxe6 Rae8 27. Re1 Nd8 28. f5 Be5 29. Nd5 Nc6 30. Bxe5 Nxe5 31. Qc3 Nf3 32. Re2 Nd4 33. Re4 Nxf5 34. Nxf5 Rxf5 35. Qg3 Qxg3 36. hxg3 h5 37. Kg2 Kg7 38. Nc7 Re7 39. Nd5 Kf8 40. Re1 Ke8 41. b5 Re5 42. Rf1 R7xe6 43. Nc7+ Kd7 44. Nxe6 Kxe6 45. Rf8 Re2+ 46. Kf1 Ra2 0-1

[Event "FIDE Open World Rapid 2024"]
[Site "New York"]
[Date "2024.12.27"]
[Round "6.44"]
[White "Bok, Benjamin"]
[Black "Bilych, Oleksii"]
[Result "1-0"]
[ECO "A07"]
[WhiteElo "2593"]
[BlackElo "2435"]
[Annotator "ChessBase"]
[PlyCount "81"]
[EventDate "2024.12.14"]
[EventType "swiss"]
[EventCountry "USA"]
[SourceTitle "playchess.com"]
[Source "ChessBase"]
[SourceQuality "1"]
[TimeControl "900+10"]

1. Nf3 d5 2. g3 b6 3. c4 dxc4 4. Na3 Bb7 5. Bg2 e6 6. Nxc4 Nd7 7. O-O Be7 8. d3 Ngf6 9. b3 O-O 10. Bb2 c5 11. e4 b5 12. Ne3 Qb6 13. Qe2 Rac8 14. a4 a6 15. h3 Rfd8 16. Bc3 b4 17. Bb2 a5 18. Nc4 Qa7 19. Rad1 Nb6 20. Nfe5 Nfd7 21. Qh5 Nxe5 22. Nxe5 Rf8 23. Qg4 g6 24. Qf4 f6 25. Ng4 e5 26. Qe3 Qb8 27. Kh1 Qd6 28. f4 Nd7 29. h4 Qe6 30. Bh3 Qxb3 31. Ba1 Rcd8 32. Nh6+ Kg7 33. Bxd7 Rxd7 34. fxe5 c4 35. exf6+ Bxf6 36. Rxf6 Rxf6 37. Bxf6+ Kxf6 38. Rf1+ Kg7 39. Qf4 Rd8 40. Ng4 Qc3 41. Qc7+ 1-0

[Event "FIDE Open World Rapid 2024"]
[Site "New York"]
[Date "2024.12.27"]
[Round "6.44"]
[White "Wanyama, Harold"]
[Black "Sharshenbekov, Emir"]
[Result "0-1"]
[ECO "A21"]
[WhiteElo "2154"]
[BlackElo "2078"]
[Annotator "ChessBase"]
[PlyCount "78"]
[EventDate "2024.12.14"]
[EventType "swiss"]
[EventCountry "USA"]
[SourceTitle "playchess.com"]
[Source "ChessBase"]
[SourceQuality "1"]
[TimeControl "900+10"]

1. Nf3 f5 2. c4 Nf6 3. g3 g6 4. Nc3 Bg7 5. Bg2 O-O 6. Rb1 d6 7. b4 e5 8. d3 h6 9. O-O g5 10. b5 Nbd7 11. a4 a5 12. bxa6 Rxa6 13. Nd2 c6 14. Ba3 Qe7 15. Qc2 Kh8 16. Nb3 Re8 17. a5 Nf8 18. Rfc1 Ng6 19. Qd2 Rd8 20. Rc2 f4 21. Rbc1 h5 22. Na2 Qc7 23. Nb4 Ra7 24. Bb2 h4 25. Ra1 Kh7 26. Bc3 g4 27. Rca2 Bh6 28. Qb2 hxg3 29. hxg3 fxg3 30. Be1 Nf4 31. fxg3 Nxg2 32. Kxg2 c5 33. Nd5 Nxd5 34. cxd5 Qf7 35. Nd2 Be3 36. Ne4 Bf5 37. Bd2 Bxe4+ 38. dxe4 Qf2+ 39. Kh1 Kg6 0-1

[Event "FIDE Open World Rapid 2024"]
[Site "New York"]
[Date "2024.12.27"]
[Round "6.45"]
[White "Paravyan, David"]
[Black "Dudin, Gleb"]
[Result "1-0"]
[ECO "B90"]
[WhiteElo "2620"]
[BlackElo "2506"]
[Annotator "ChessBase"]
[PlyCount "79"]
[EventDate "2024.12.14"]
[EventType "swiss"]
[EventCountry "USA"]
[SourceTitle "playchess.com"]
[Source "ChessBase"]
[SourceQuality "1"]
[TimeControl "900+10"]

1. e4 c5 2. Nf3 d6 3. d4 cxd4 4. Nxd4 Nf6 5. Nc3 a6 6. f3 e5 7. Nb3 Be6 8. Be3 h5 9. Be2 Nbd7 10. O-O Rc8 11. a4 Be7 12. a5 h4 13. Qd2 Nh5 14. Rfd1 O-O 15. Bf1 Re8 16. Nd5 Bxd5 17. exd5 e4 18. fxe4 Nhf6 19. Ra4 Ng4 20. Bf4 Bf6 21. h3 Nge5 22. Rb4 Qc7 23. c3 Rb8 24. Be3 Re7 25. c4 Ree8 26. Rc1 Be7 27. Qf2 Nc5 28. Nxc5 dxc5 29. Rb6 Nd7 30. Bf4 Ne5 31. Kh1 Bd6 32. Qxh4 Nxc4 33. Bxd6 Nxd6 34. Qf4 Rbd8 35. e5 Nc8 36. d6 Qd7 37. Rb3 Qe6 38. Rxb7 Qxe5 39. Qxf7+ Kh8 40. Re1 1-0

[Event "FIDE Open World Rapid 2024"]
[Site "New York"]
[Date "2024.12.27"]
[Round "6.46"]
[White "Hong, Andrew"]
[Black "Kacharava, Nikolozi"]
[Result "1-0"]
[ECO "C94"]
[WhiteElo "2572"]
[BlackElo "2510"]
[Annotator "ChessBase"]
[PlyCount "77"]
[EventDate "2024.12.14"]
[EventType "swiss"]
[EventCountry "USA"]
[SourceTitle "playchess.com"]
[Source "ChessBase"]
[SourceQuality "1"]
[TimeControl "900+10"]

1. e4 e5 2. Nf3 Nc6 3. Bb5 a6 4. Ba4 Nf6 5. O-O Be7 6. Re1 b5 7. Bb3 O-O 8. h3 Bb7 9. d3 d6 10. c3 Nb8 11. Nbd2 Nbd7 12. Nf1 Re8 13. Ng3 Bf8 14. Be3 c5 15. Ng5 d5 16. exd5 h6 17. Ne6 fxe6 18. dxe6 Nd5 19. exd7 Qxd7 20. Ne4 Rac8 21. Bxh6 c4 22. dxc4 bxc4 23. Ba4 Bc6 24. Bxc6 Qxc6 25. Bg5 Rb8 26. Qe2 Nf4 27. Qf3 Re6 28. Bxf4 exf4 29. Re2 Qc7 30. Ng5 Rxe2 31. Qxe2 Qc6 32. Qh5 Qh6 33. Qf7+ Kh8 34. Qf5 Qh4 35. Re1 Kg8 36. Qg6 Qh6 37. Qf7+ Kh8 38. Qxf4 Qb6 39. Qh4+ 1-0